Map: 궤도 조선소

Players

Apocalypse - Winner!

  • Race: Terran Terran

NightEnD

  • Race: Protoss Protoss

Event: Gauntlet LotV Series 1 Qualifier 1

VOD

Have the link to the VOD?

Description

Time

  • Played on: Nov. 22, 2015, 5:03 p.m.
  • Length: 5:22

All games in this series

Show
View Real Time Build Order
Export as new Build Order

Apocalypse Terran - Winner!

Build Orders: Reaper Expand 

Get SALT Encoding   

  12  0:01  SCV  
  13  0:13  SCV  
  14  0:17  Supply Depot  
  14  0:25  SCV  
  15  0:39  SCV, Barracks  
  16  0:43  Refinery  
  16  0:51  SCV  
  17  1:03  SCV  
  18  1:15  SCV  
  19  1:27  Orbital Command  
  19  1:28  Reaper  
  20  1:40  Command Center  
  20  1:50  Supply Depot  
  20  1:53  SCV  
  21  2:00  Barracks Reactor  
  21  2:06  Barracks  
  21  2:07  SCV  
  22  2:17  Barracks  
  22  2:23  SCV  
  22  2:27  Engineering Bay  
  23  2:43  SCV, Marine x2  
  26  2:52  Orbital Command  
  26  2:54  Missile Turret  
  26  2:55  Barracks Tech Lab  
  26  2:57  SCV  
  27  3:04  Marine x2  
  29  3:06  Marine  
  29  3:09  SCV  
  31  3:17  Stimpack  
  31  3:18  Marine  
  31  3:19  SCV  
  33  3:21  SCV  
  34  3:29  Factory  
  34  3:33  SCV, Marine  
  34  3:34  Marine x2  
  36  3:39  Refinery  
  36  3:40  SCV  
  38  3:47  Supply Depot  
  38  3:49  SCV  
  38  3:52  SCV  
  38  3:53  Marine  
  38  3:54  Marauder  
  43  3:59  Refinery  
  43  4:05  SCV x2  
  45  4:11  Marine  
  45  4:12  Marine  
  45  4:13  Starport  
  45  4:14  Factory Reactor  
  45  4:15  Supply Depot  
  47  4:18  SCV x2  
  47  4:23  Marine x2  
  51  4:28  Missile Turret  
  51  4:32  SCV  
  51  4:37  SCV, Marine x2  
  55  4:40  Marine  
  55  4:43  Supply Depot  
  56  4:46  Marine  
  57  4:53  SCV  
  57  4:54  SCV  
  57  4:55  Marine  
  60  5:06  SCV  
Show
View Real Time Build Order
Export as new Build Order

NightEnD Protoss 

Build Orders: 1 Gate Expand 

Get SALT Encoding   

  12  0:01  Probe (Chrono Boost)  
  13  0:12  Probe (Chrono Boost)  
  14  0:19  Pylon  
  14  0:22  Probe (Chrono Boost)  
  15  0:37  Probe (Chrono Boost)  
  15  0:42  Gateway  
  16  0:48  Probe (Chrono Boost)  
  17  0:51  Assimilator  
  17  0:58  Probe (Chrono Boost)  
  18  1:09  Probe (Chrono Boost)  
  19  1:16  Nexus  
  19  1:20  Probe (Chrono Boost)  
  19  1:24  Assimilator  
  20  1:28  Assimilator  
  20  1:32  Probe (Chrono Boost)  
  21  1:41  Cybernetics Core  
  21  1:45  Probe (Chrono Boost)  
  22  1:51  Pylon  
  22  1:56  Probe (Chrono Boost)  
  23  2:10  Probe (Chrono Boost)  
  24  2:21  Mothership Core (Chrono Boost)  
  28  2:29  Probe (Chrono Boost), Adept  
  28  2:41  Probe (Chrono Boost)  
  28  2:43  Probe (Chrono Boost)  
  28  2:52  Probe (Chrono Boost), Robotics Facility  
  28  2:54  Probe (Chrono Boost)  
  28  2:55  Warp Gate (Chrono Boost)  
  28  2:57  Adept  
  32  3:02  Probe (Chrono Boost)  
  32  3:04  Probe (Chrono Boost)  
  34  3:13  Probe (Chrono Boost)  
  34  3:15  Probe (Chrono Boost)  
  36  3:23  Probe (Chrono Boost)  
  36  3:26  Probe (Chrono Boost)  
  38  3:34  Probe (Chrono Boost)  
  38  3:36  Probe (Chrono Boost)  
  38  3:37  Adept (Chrono Boost), Pylon  
  38  3:38  Observer  
  42  3:47  Gateway  
  42  3:50  Gateway  
  42  4:00  Warp Prism  
  42  4:03  Adept  
  46  4:13  Gateway  
  46  4:15  Gateway  
  46  4:18  Gateway  
  46  4:20  Gateway  
  46  4:38  Pylon x2  
  46  4:40  Observer  
  46  5:09  Pylon x2  
  46  5:17  Adept x5  
  46  5:18  Adept  
Tags
 
Add a new tag
Caveats
  • Supply blocks, unpowered buildings, or Contaminate may cause inaccurate times.
  • Supply counts are checked every 10 seconds.